 Dungeon Crawl Stone Soup version 0.31-a0-175-g9f7f995f2b (webtiles) character file.

Game seed: 14883990487069542056

110 qw the Chopper (level 4, -4/28 HPs)
             Began as a Gargoyle Fighter on June 16, 2023.
             Slain by a cerulean imp
             ... wielding a +1 spear
             ... summoned by Natasha
              (5 damage)
             ... on level 2 of the Dungeon.
             The game lasted 00:00:36 (1300 turns).

qw the Chopper (Gargoyle Fighter)                   Turns: 1300, Time: 00:00:37

Health: -4/28      AC: 10    Str: 28    XL:     4   Next: 91%
Magic:  4/4        EV:  9    Int:  8    God:
Gold:   133        SH:  4    Dex:  9    Spells: 3/3 levels left

rFire   . . .        Y - +0 war axe
rCold   . . .        c - +0 buckler
rNeg    + . .        b - +0 scale mail
rPois   inf          (no helmet)
rElec   +            (no cloak)
rCorr   .            (no gloves)
SInv    +            (no boots)
Will    .....        (no amulet) Stlth
                     j - +6 ring of strength
HPRegen 0.24/turn    e - ring of see invisible
MPRegen 0.09/turn

%: no passive effects
@: no status effects
A: sickness immunity, AC +3, negative energy resistance 1, electricity
resistance, torment resistance 1, petrification resistance
a: no special abilities


You were on level 2 of the Dungeon.
You visited 1 branch of the dungeon, and saw 2 of its levels.

You collected 133 gold pieces.


Innate Abilities, Weirdness & Mutations

You are immune to sickness and miasma.
Your stone body is resilient. (AC +3)
You are immune to poison.
You resist negative energy. (rN+)
You are resistant to electric shocks. (rElec)
You are resistant to unholy torment.
You are immune to petrification.


   Skills:
 - Level 3.2 Fighting
 + Level 4.4 Axes
 - Level 3.2 Armour
 - Level 3.2 Shields


You had 3 spell levels left.
You didn't know any spells.
Your spell library was empty.

Inventory:

Hand Weapons
 g - a +0 flail
 Y - a +0 war axe (weapon)
Armour
 b - a +0 scale mail (worn)
 c - a +0 buckler (worn)
Jewellery
 e - a ring of see invisible (right hand)
 j - a +6 ring of strength (left hand)
Scrolls
 a - 2 scrolls of identify
Potions
 d - a potion of might
 i - a potion of attraction
 n - a potion of lignification

Dungeon Overview and Level Annotations

Branches:
Dungeon (2/15)

Altars:

Annotations:
D:2 Natasha


Message History

The cerulean imp hits you from afar with a +0 spear.
Natasha claws you.
Enter note:
Enter note:
1295 ||| DRINKING potion of heal wounds.
You feel much better. The cerulean imp barely misses you.
The cerulean imp completely misses you. Natasha barely misses you.
You barely miss the cerulean imp. You hit Natasha.
The cerulean imp barely misses you. You block the cerulean imp's attack.
Natasha claws you!
The cerulean imp hits you with a +1 spear.
You barely miss Natasha.
Natasha is lightly wounded.
You barely miss the cerulean imp.
The cerulean imp hits you but does no damage.
Natasha claws you.
The cerulean imp hits you but does no damage. x2
You barely miss Natasha.
Natasha is lightly wounded.
You miss the cerulean imp. Natasha claws you.
The cerulean imp completely misses you.
The cerulean imp hits you but does no damage.
You slash Natasha!
Natasha is almost dead.
You barely miss the cerulean imp.
Natasha stares at you and mumbles some strange words.
The magic dart hits you but does no damage.
The cerulean imp closely misses you.
The cerulean imp hits you but does no damage.
Natasha claws you! You block the cerulean imp's attack.
You barely miss Natasha.
Natasha is almost dead.
You hit the cerulean imp.
The cerulean imp hits you from afar with a +0 spear.
Natasha mumbles some strange words.
You feel disoriented. Natasha claws you.
The cerulean imp hits you with a +1 spear.
You die...

#.# #.# #.# .########
#.#### ........#
#.##.## #.......#
##.#.#.##
....!...######...###>##
.....$).........## ##.#
.......@####.#...###.##
......h5# #.####.#<##
......5.. ... #.##
.###....####.## #.#
#.#... #.# #.# ##
...### #.# #. ##.##
.... #.# #. ##.#.##
###.. #. #.#.#.## #.


You could see Natasha and 2 cerulean imps.

Vanquished Creatures
  Natasha (twice) (D:2)
  A gnoll (D:1)
  2 adders (D:2)
  A dart slug (D:2)
  A bat (D:1)
  2 endoplasms
  3 giant cockroaches
  3 hobgoblins (D:2)
  3 quokkas (D:2)
  4 ball pythons
  4 frilled lizards
  2 goblins
  A kobold (D:1)
  2 rats
31 creatures vanquished.

Notes
Turn   | Place    | Note
-------+----------+-------------------------------------------
     0 | D:1      | qw the Gargoyle Fighter began the quest for the Orb.
     0 | D:1      | Reached XP level 1. HP: 14/14 MP: 1/1
     0 | D:1      | 0 ||| qw: Version: 0.2-a-29-g511e9b1
     0 | D:1      | 0 ||| qw: Game counter: 5809
     0 | D:1      | 0 ||| qw: Always use a shield: true
     0 | D:1      | 0 ||| qw: God list: Okawaru
     0 | D:1      | 0 ||| qw: Allow faded altars: false
     0 | D:1      | 0 ||| qw: Do Orc after D:15 true
     0 | D:1      | 0 ||| qw: Do second Lair branch before Depths: true
     0 | D:1      | 0 ||| qw: Lair rune preference: random
     0 | D:1      | 0 ||| qw: Plans: Normal, Zot:1-4, Slime:5, God:TSO, Crypt,
                  | Tomb, Abyss, Pan, Hells, Win
     0 | D:1      | 0 ||| PLANNING D:1-11
    62 | D:1      | Reached skill level 2 in Axes
    92 | D:1      | Reached XP level 2. HP: 19/19 MP: 2/2
   406 | D:1      | You fall into a shaft and drop 1 floor!
   430 | D:2      | Reached skill level 3 in Axes
   501 | D:2      | 501 ||| Stepping ~*~*~tactically~*~*~ (stealth).
   506 | D:2      | 506 ||| Stepping ~*~*~tactically~*~*~ (stealth).
   513 | D:2      | Reached XP level 3. HP: 21/23 MP: 3/3
   550 | D:2      | 550 ||| Stepping ~*~*~tactically~*~*~ (hiding).
   615 | D:2      | Noticed Natasha
   616 | D:2      | 616 ||| Stepping ~*~*~tactically~*~*~ (hiding).
   627 | D:2      | Killed Natasha
   722 | D:2      | Reached XP level 4. HP: 28/28 MP: 4/4
   764 | D:2      | 764 ||| DROPPING amulet of magic regeneration.
   765 | D:2      | 765 ||| UPGRADING to +6 ring of strength.
   766 | D:2      | 766 ||| READING 3 scrolls labelled ANI ZIGEKIXTIE.
   767 | D:2      | 767 ||| READING scroll labelled PIYCYE GAILO.
   768 | D:2      | 768 ||| READING scroll labelled IKAIG HUKHUEXE.
   769 | D:2      | 769 ||| DRINKING 2 brown potions.
   770 | D:2      | 770 ||| DRINKING 2 bubbling emerald potions.
   771 | D:2      | 771 ||| READING 2 scrolls of identify.
   771 | D:2      | 771 ||| IDENTIFYING smoky white potion
   772 | D:2      | 772 ||| DROPPING potion of berserk rage.
   871 | D:1      | Found a faded altar of an unknown god.
  1211 | D:1      | 1211 ||| UPGRADING to ring of see invisible.
  1212 | D:1      | 1212 ||| READING 3 scrolls of identify.
  1212 | D:1      | 1212 ||| IDENTIFYING lumpy emerald potion
  1252 | D:2      | 1252 ||| Stepping ~*~*~tactically~*~*~ (stealth).
  1275 | D:2      | Noticed Natasha
  1286 | D:2      | Killed Natasha
  1287 | D:2      | Reached skill level 4 in Axes
  1289 | D:2      | Noticed Natasha
  1294 | D:2      | HP: 7/28 [Natasha (2)]
  1295 | D:2      | 1295 ||| DRINKING potion of heal wounds.
  1299 | D:2      | HP: 6/28 [Natasha (7)]
  1300 | D:2      | HP: 1/28 [Natasha (4)]
  1300 | D:2      | Slain by a cerulean imp

Levels and vault maps discovered:
D:1:      ncdulo_halloftheorcs, layout_basic, chequers_ecumenical_altar_simple,
          minivault_11
D:2:      minmay_inner_zag, layout_loops_ring, uniq_natasha

Skill      XL: |  1  2  3  4 |
---------------+-------------+-----
Axes           | 2 3 4 |  4.4
Fighting       | |  3.2
Armour         | |  3.2
Shields        | |  3.2

Action                     |  1- 3 |  4- 6 || total
---------------------------+-------+-------++-------
  Melee: War axe           |    57 |    39 ||    96
    Use: Scroll            |       |     5 ||     5
         Potion            |       |     3 ||     3
 Armour: Scale mail        |    19 |    40 ||    59
  Dodge: Dodged            |    17 |    29 ||    46
  Block: Buckler           |    10 |    12 ||    22

Table legend:
 A = Non-vault XP
 B = Vault XP
 C = Vault XP percentage of total XP
 D = Non-vault monster count
 E = Vault monster count
 F = Vault count percentage of total count
                 A         B        C        D         E       F
            +---------+---------+-------+---------+---------+-------
      Total |     112 |      46 |  29.1 |      25 |       6 |  19.4
            +---------+---------+-------+---------+---------+-------
        D:1 |      33 |       0 |   0.0 |      13 |       0 |   0.0
        D:2 |      79 |      46 |  36.8 |      12 |       6 |  33.3
            +---------+---------+-------+---------+---------+-------
